Map: Croisement de Kairos EC

Players

Sorandom - Winner!

  • Race: Protoss Protoss
  • League: Diamond
  • Spawn Location: 5:00

Mistaro

  • Race: Protoss Protoss
  • Spawn Location: 11:00

VOD

Have the link to the VOD?

Description

Time

  • Played on: April 5, 2019, 2:59 p.m.
  • Length: 17:02
Show
View Real Time Build Order
Export as new Build Order

Sorandom Protoss - Winner!

Build Orders:  

Get SALT Encoding   

  12  0:00  Probe  
  13  0:18  Pylon  
  13  0:20  Probe  
  14  0:37  Gateway  
  14  0:39  Probe  
  15  0:43  Assimilator  
  15  0:52  Probe  
  16  1:03  Probe  
  17  1:11  Probe  
  18  1:19  Probe  
  18  1:20  Gateway  
  18  1:25  Zealot  
  21  1:30  Probe  
  22  1:32  Cybernetics Core  
  22  1:42  Probe  
  23  1:55  Pylon  
  23  2:02  Warp Gate  
  23  2:13  Probe  
  24  2:18  Nexus  
  24  2:21  Probe  
  24  2:29  Probe  
  25  2:30  Pylon  
  25  2:33  Sentry  
  28  2:48  Stalker  
  30  2:51  Shield Battery  
  30  2:54  Forge  
  30  2:56  Probe  
  31  3:01  Assimilator  
  31  3:08  Probe  
  32  3:25  Probe, Assimilator  
  33  3:31  Probe  
  34  3:37  Probe  
  34  3:38  Gateway  
  34  3:39  Gateway  
  35  3:43  Probe  
  36  3:50  Stalker  
  36  3:53  Protoss Ground Weapons Level 1  
  36  3:55  Probe  
  39  3:59  Photon Cannon  
  39  4:06  Probe  
  39  4:09  Probe  
  41  4:14  Probe  
  41  4:16  Stalker  
  43  4:19  Stalker  
  43  4:21  Probe  
  43  4:23  Probe  
  48  4:33  Probe  
  49  4:38  Probe  
  49  4:40  Stalker  
  49  4:43  Stalker  
  54  5:16  Pylon  
  54  5:17  Pylon  
  54  5:18  Pylon  
  54  5:20  Pylon  
  54  5:23  Pylon x2  
  54  5:34  Probe  
  55  5:44  Stalker x3  
  55  5:45  Assimilator  
  55  5:46  Probe, Zealot  
  64  5:59  Gateway  
  64  6:01  Gateway  
  64  6:02  Protoss Ground Armor Level 1  
  64  6:03  Gateway  
  64  6:04  Probe  
  64  6:11  Stalker x4  
  69  6:12  Probe  
  74  6:26  Shield Battery  
  74  6:29  Photon Cannon  
  74  6:34  Stalker x2  
  74  6:35  Stalker x2  
  82  6:41  Probe  
  83  6:56  Stalker  
  83  6:57  Stalker x3  
  83  6:59  Stalker  
  93  7:06  Stalker  
  95  7:09  Zealot  
  95  7:25  Nexus  
  93  7:47  Probe  
  93  7:50  Stargate, Probe  
  95  7:52  Stargate  
  95  7:55  Probe  
  95  8:02  Probe  
  97  8:11  Stalker x2  
  97  8:12  Twilight Council  
  101  8:14  Probe  
  101  8:17  Pylon  
  101  8:18  Pylon  
  102  8:22  Assimilator  
  102  8:24  Assimilator  
  102  8:28  Pylon, Protoss Shields Level 1  
  102  8:30  Pylon  
  102  8:31  Probe  
  102  8:33  Pylon  
  102  8:35  Probe  
  102  8:39  Probe  
  104  8:44  Probe  
  104  8:47  Probe  
  107  8:49  Probe, Void Ray  
  112  8:56  Probe  
  112  8:59  Probe  
  114  9:03  Probe  
  114  9:07  Void Ray  
  114  9:08  Probe  
  120  9:11  Probe  
  120  9:15  Probe  
  122  9:18  Photon Cannon  
  122  9:20  Probe  
  122  9:23  Probe  
  124  9:27  Probe  
  125  9:33  Probe  
  125  9:35  Probe  
  127  9:39  Probe  
  127  9:45  Probe  
  129  9:47  Nexus, Probe  
  129  9:49  Void Ray  
  129  9:50  Pylon  
  134  9:53  Pylon  
  134  9:55  Pylon  
  134  10:13  Protoss Air Weapons Level 1  
  134  10:20  Void Ray  
  138  10:21  Assimilator  
  138  10:25  Nexus, Assimilator  
  138  10:30  Dark Shrine  
  138  10:32  Void Ray  
  138  10:33  Fleet Beacon  
  142  10:47  Probe x2  
  144  10:58  Photon Cannon  
  144  11:00  Photon Cannon  
  144  11:03  Void Ray  
  148  11:05  Probe  
  148  11:06  Probe x3  
  152  11:18  Probe  
  152  11:21  Carrier  
  152  11:25  Pylon  
  159  11:30  Probe  
  159  11:31  Pylon  
  160  11:42  Pylon  
  160  11:47  Protoss Ground Weapons Level 2  
  160  11:50  Pylon  
  160  11:52  Carrier  
  160  11:53  Pylon  
  166  11:57  Assimilator  
  166  12:01  Assimilator  
  166  12:02  Dark Templar x4  
  166  12:03  Dark Templar x3  
  166  12:06  Protoss Air Armor Level 1  
  180  12:25  Carrier  
  186  12:56  Void Ray  
  190  13:07  Probe x3  
  191  13:54  Carrier  
  197  14:04  Photon Cannon  
  197  14:07  Archon  
  197  14:08  Archon x2, Protoss Air Weapons Level 2  
  197  14:21  Stalker, Protoss Shields Level 2  
  172  14:55  Stalker x4  
  172  14:56  Stalker x3  
  186  15:03  Void Ray  
  186  15:05  Carrier  
  196  15:46  Void Ray  
Show
View Real Time Build Order
Export as new Build Order

Mistaro Protoss 

Build Orders:  

Get SALT Encoding   

  12  0:01  Probe  
  13  0:13  Probe  
  14  0:19  Pylon  
  14  0:25  Probe  
  15  0:40  Gateway  
  15  0:41  Probe  
  16  0:47  Assimilator  
  16  0:49  Probe  
  16  0:55  Assimilator  
  17  1:08  Gateway  
  17  1:13  Probe  
  18  1:25  Probe  
  19  1:32  Cybernetics Core  
  19  1:33  Probe  
  20  1:41  Probe  
  21  1:48  Pylon  
  21  1:51  Probe  
  22  2:04  Probe  
  22  2:05  Pylon  
  22  2:06  Zealot  
  25  2:16  Probe  
  26  2:30  Nexus  
  26  2:35  Probe  
  27  2:47  Probe  
  27  2:51  Pylon  
  28  3:15  Pylon  
  28  3:19  Gateway x2  
  28  3:23  Gateway  
  28  3:27  Robotics Facility  
  28  3:35  Twilight Council  
  28  3:42  Stalker  
  28  3:47  Warp Gate  
  30  3:48  Adept  
  30  3:53  Probe x2  
  34  4:05  Probe x2  
  36  4:14  Stalker  
  40  4:24  Stalker  
  40  4:50  Resonating Glaives  
  40  4:51  Adept  
  40  4:52  Adept  
  44  5:00  Probe  
  44  5:03  Probe  
  46  5:07  Stalker x2  
  46  5:08  Probe, Stalker  
  46  5:14  Observer  
  54  5:15  Probe  
  54  5:18  Probe  
  56  5:21  Stalker  
  56  5:26  Forge  
  56  5:27  Probe, Forge, Stalker  
  61  5:30  Probe  
  62  5:37  Adept x2  
  62  5:38  Adept  
  68  6:23  Stalker  
  70  7:06  Pylon  
  70  7:10  Gateway  
  70  7:13  Gateway  
  70  7:14  Gateway  
  70  7:19  Probe x2  
  64  7:29  Adept  
  60  7:30  Adept x2  
  60  7:31  Adept x2, Probe x2  
  68  7:44  Probe x2  
  70  7:51  Gateway  
  70  7:56  Probe x2  
  72  8:07  Robotics Facility  
  72  8:08  Probe  
  72  8:09  Assimilator  
  72  8:12  Assimilator  
  73  8:23  Nexus  
  73  8:28  Pylon  
  73  8:32  Pylon  
  73  8:44  Immortal  
  73  8:47  Blink  
  73  8:48  Immortal  
  73  8:50  Robotics Facility  
  73  8:54  Pylon  
  77  8:58  Pylon  
  81  9:15  Robotics Facility  
  81  9:20  Protoss Ground Weapons Level 1  
  81  9:23  Immortal  
  85  9:27  Immortal  
  89  9:43  Adept x3  
  89  9:44  Adept x2  
  99  9:48  Adept  
  101  10:02  Immortal  
  101  10:07  Immortal  
  108  10:11  Probe  
  108  10:19  Probe  
  108  10:20  Probe x2  
  111  10:27  Probe  
  112  10:31  Protoss Ground Armor Level 1  
  112  10:32  Probe  
  112  10:33  Probe  
  115  10:38  Probe  
  115  10:39  Immortal  
  115  10:41  Immortal  
  124  10:45  Probe  
  124  10:46  Pylon  
  124  10:49  Pylon  
  125  10:51  Pylon  
  125  10:53  Pylon  
  125  10:55  Pylon  
  125  11:02  Assimilator  
  125  11:04  Probe x3, Immortal, Assimilator  
  125  11:08  Sentry x2  
  136  11:12  Adept  
  136  11:13  Adept x2  
  136  11:14  Adept  
  136  11:15  Adept  
  136  11:16  Probe  
  147  11:34  Probe  
  147  11:35  Probe x2  
  147  11:38  Adept  
  147  11:39  Adept x4  
  160  11:40  Adept x2  
  160  11:47  Probe  
  165  11:54  Pylon  
  165  11:56  Pylon  
  165  11:57  Pylon  
  165  11:59  Pylon  
  165  12:19  Nexus  
  165  12:30  Immortal  
  165  12:33  Protoss Ground Armor Level 2, Protoss Ground Weapons Level 2  
  153  12:38  Observer  
  153  13:26  Adept x2  
  157  13:27  Adept x2  
  157  13:28  Adept  
  157  13:29  Adept  
  165  13:41  Adept x2  
  169  13:57  Observer  
  169  13:59  Stalker x2  
  169  14:00  Stalker  
  169  14:01  Adept  
  169  14:02  Adept  
  180  14:05  Charge  
  110  15:02  Immortal  
  110  15:03  Immortal x3  
  126  15:09  Probe x2  
  128  15:21  Probe x2  
  130  15:25  Adept x2  
  130  15:26  Adept x2  
  130  15:27  Adept x2  
  130  15:28  Adept x2  
  144  15:33  Probe  
  147  15:39  Assimilator  
  147  15:41  Assimilator  
  147  15:51  Observer  
Tags
 
League
Diamond
Matchup
PvP
Replay Pack
Pack 2
Spawn Locations
Cross Positions
Add a new tag
Caveats
  • Supply blocks, unpowered buildings, or Contaminate may cause inaccurate times.
  • Supply counts are checked every 10 seconds.